Map: [ESL] Solaris

Players

Solar - Winner!

  • Race: Zerg Zerg
  • Spawn Location: 1:00

Clem

  • Race: Terran Terran
  • Spawn Location: 7:00

Event: ESL SC2 Masters 2023 Winter (Finals)

VOD

Have the link to the VOD?

Description

Time

  • Played on: Dec. 16, 2023, 6:20 p.m.
  • Length: 21:59

All games in this series

Show
View Real Time Build Order
Export as new Build Order

Solar Zerg - Winner!

Build Orders: Hatch First 

Get SALT Encoding   

  12  0:00  Drone  
  13  0:12  Overlord  
  13  0:16  Drone  
  14  0:30  Drone x2  
  16  0:47  Hatchery  
  15  0:51  Drone  
  15  0:54  Drone  
  17  0:57  Drone  
  18  1:08  Extractor  
  17  1:12  Spawning Pool  
  17  1:15  Drone  
  17  1:18  Drone  
  18  1:28  Drone  
  19  1:38  Drone  
  20  1:49  Drone  
  21  1:59  Queen x2  
  21  2:00  Zergling x4  
  27  2:10  Zergling x2  
  27  2:11  Overlord  
  28  2:20  Hatchery  
  27  2:24  Drone  
  27  2:29  Drone  
  28  2:35  Queen  
  28  2:36  Drone  
  31  2:44  Metabolic Boost  
  31  2:45  Drone  
  31  2:49  Overlord  
  33  2:51  Drone  
  33  2:55  Drone  
  33  2:56  Drone  
  35  3:04  Drone  
  36  3:07  Drone  
  36  3:08  Drone x3  
  40  3:13  Queen  
  40  3:17  Overlord  
  42  3:20  Drone  
  42  3:25  Drone  
  44  3:31  Queen  
  44  3:32  Queen  
  48  3:35  Drone  
  48  3:38  Drone  
  50  3:43  Drone x3  
  50  3:45  Overlord  
  53  3:50  Drone x3  
  53  3:53  Drone x2  
  58  3:56  Overlord  
  58  4:03  Overlord  
  58  4:04  Drone  
  58  4:05  Drone x2  
  61  4:10  Queen  
  61  4:12  Queen  
  61  4:13  Drone  
  61  4:17  Drone  
  67  4:20  Drone x4  
  67  4:21  Overlord  
  71  4:24  Zergling x4  
  71  4:26  Zergling x2  
  71  4:30  Extractor  
  71  4:31  Evolution Chamber  
  72  4:32  Drone x2, Evolution Chamber  
  72  4:34  Drone  
  74  4:38  Overlord  
  74  4:39  Overlord  
  74  4:42  Drone  
  75  4:45  Drone  
  75  4:46  Drone x2, Extractor, Queen  
  75  4:50  Zergling x2  
  75  4:52  Zergling x4  
  81  4:54  Overlord  
  81  4:55  Overlord  
  81  4:57  Drone x2  
  83  5:01  Drone x2  
  83  5:05  Extractor  
  83  5:06  Zerg Ground Armor Level 1  
  84  5:07  Drone x2  
  84  5:09  Zergling x2  
  84  5:11  Zerg Melee Weapons Level 1  
  84  5:12  Zergling x2  
  88  5:15  Zergling x2  
  88  5:19  Zergling x2  
  90  5:23  Zergling x8  
  90  5:24  Overlord  
  90  5:26  Lair  
  94  5:29  Baneling Nest  
  94  5:30  Zergling x8  
  94  5:33  Drone x3  
  100  5:38  Drone, Extractor  
  99  5:43  Drone x2  
  99  5:48  Drone  
  102  5:52  Zergling x2, Drone  
  102  5:55  Hatchery  
  103  5:57  Overlord  
  103  5:58  Zergling x2  
  103  5:59  Zergling x14  
  111  6:05  Zergling x4  
  113  6:12  Zergling x2  
  113  6:17  Drone  
  113  6:18  Zergling x2  
  116  6:20  Baneling x4  
  116  6:21  Baneling x3  
  116  6:25  Drone  
  116  6:26  Centrifugal Hooks  
  116  6:28  Drone  
  116  6:29  Drone, Hatchery  
  116  6:30  Overlord  
  116  6:32  Zergling x14, Overlord  
  125  6:34  Overlord  
  124  6:43  Drone x2, Hydralisk Den  
  123  6:47  Drone  
  123  6:49  Overlord  
  123  6:52  Overseer  
  123  6:53  Baneling x2  
  123  6:54  Zergling x2  
  123  6:56  Baneling x3  
  123  6:58  Zergling x2  
  123  7:00  Zergling x2  
  125  7:01  Zerg Ground Armor Level 2  
  125  7:03  Zergling x2  
  125  7:05  Baneling x3  
  125  7:07  Queen  
  129  7:08  Zergling x4  
  129  7:10  Zergling x16  
  129  7:12  Zerg Melee Weapons Level 2  
  129  7:13  Zergling x2  
  137  7:19  Zergling x8  
  138  7:25  Drone  
  138  7:27  Drone  
  139  7:33  Zergling x6  
  139  7:35  Baneling x2  
  132  7:38  Zergling x10  
  132  7:40  Drone x8  
  132  7:43  Drone  
  132  7:44  Overlord  
  146  7:45  Baneling x2, Grooved Spines  
  146  7:49  Queen  
  146  7:50  Pneumatized Carapace, Hydralisk  
  146  7:51  Hydralisk x2  
  149  7:55  Drone x3, Infestation Pit  
  155  8:00  Drone  
  155  8:02  Zergling x2, Unknown, Spore Crawler  
  155  8:05  Hydralisk x3  
  150  8:11  Zergling x4  
  157  8:15  Overlord x2  
  157  8:16  Drone x3  
  160  8:20  Zergling x12  
  160  8:21  Zergling x4  
  160  8:24  Baneling x4  
  160  8:26  Hydralisk x2  
  160  8:27  Hydralisk  
  168  8:28  Zergling x4  
  168  8:31  Zergling x2  
  172  8:35  Overlord  
  172  8:36  Muscular Augments  
  172  8:37  Zergling x6  
  172  8:39  Hive  
  172  8:41  Extractor  
  171  8:44  Zergling x14  
  171  8:45  Hydralisk  
  171  8:46  Hydralisk  
  173  8:49  Zergling x2  
  173  8:50  Zergling x6  
  173  8:55  Baneling x13  
  177  8:56  Drone x2  
  177  8:57  Drone  
  180  9:03  Drone x2  
  180  9:04  Drone  
  180  9:05  Lurker Den  
  182  9:14  Hatchery  
  182  9:15  Zergling x2  
  182  9:16  Zergling x20  
  192  9:23  Overseer  
  193  9:26  Baneling x2  
  193  9:28  Zergling x14  
  200  9:31  Hatchery  
  200  9:33  Zerg Missile Weapons Level 1  
  200  9:35  Drone  
  200  9:36  Spore Crawler  
  199  9:40  Baneling x2  
  199  9:44  Zergling x2  
  200  9:47  Baneling x2  
  195  9:55  Zerg Ground Armor Level 3  
  195  9:56  Viper  
  195  9:59  Zergling x12  
  200  10:05  Adrenal Glands  
  199  10:12  Zergling x26  
  199  10:16  Lurker Den  
  199  10:18  Viper  
  199  10:19  Spawning Pool  
  199  10:21  Zergling x12  
  200  10:25  Hydralisk x3  
  200  10:27  Lair  
  200  10:30  Baneling x6  
  200  10:31  Baneling  
  197  10:36  Zergling x8, Hatchery  
  197  10:38  Baneling x5  
  199  10:43  Baneling x2  
  199  10:49  Zergling x8  
  200  10:51  Zergling x2  
  200  10:52  Zergling x4  
  198  11:00  Zergling x16  
  198  11:01  Zergling x6  
  176  11:14  Hydralisk x3  
  176  11:15  Zergling x4  
  173  11:21  Zergling x8  
  173  11:23  Hydralisk x3  
  173  11:24  Zergling x14  
  176  11:29  Hive  
  176  11:30  Zergling x4  
  175  11:35  Drone x3  
  175  11:36  Baneling x9  
  175  11:37  Baneling x2  
  175  11:38  Zergling x2  
  173  11:40  Zergling x2, Baneling x9  
  173  11:42  Hatchery  
  173  11:44  Zergling x2  
  173  11:45  Zergling x2, Zerg Missile Weapons Level 2  
  175  11:47  Zergling x2  
  175  11:51  Drone x2  
  175  11:52  Drone  
  175  11:54  Zergling x8  
  183  12:01  Zergling x22  
  193  12:02  Baneling x6  
  193  12:03  Baneling x11  
  193  12:05  Zergling x6  
  191  12:13  Zergling x10  
  196  12:21  Drone  
  192  12:26  Zergling x22  
  199  12:33  Baneling x13  
  198  12:44  Zergling x4  
  198  12:47  Overseer x2  
  198  12:49  Zergling x14  
  197  12:53  Zergling x10  
  197  12:54  Zergling x8  
  197  12:55  Zergling x8  
  192  13:03  Zergling x18  
  197  13:08  Hatchery  
  197  13:10  Zergling x16  
  190  13:18  Baneling x9  
  184  13:20  Zerg Melee Weapons Level 3  
  184  13:21  Hydralisk  
  184  13:22  Hydralisk  
  184  13:27  Zergling x24  
  190  13:30  Seismic Spines, Lurker Den  
  190  13:32  Viper x3  
  198  13:38  Zergling x10  
  197  13:44  Zergling x2  
  197  13:45  Zergling x2  
  199  13:48  Baneling x4  
  194  13:56  Zergling x12  
  194  14:00  Burrow  
  194  14:02  Zergling x6  
  199  14:04  Zergling x10  
  197  14:15  Hydralisk x2  
  197  14:16  Zergling x22  
  197  14:17  Zergling x2  
  192  14:20  Zergling x14  
  192  14:24  Zergling x8  
  187  14:27  Adaptive Talons  
  187  14:28  Zergling x6  
  187  14:29  Baneling x14  
  187  14:30  Zerg Missile Weapons Level 3, Zergling x2  
  187  14:31  Zergling x2  
  189  14:32  Zergling x4  
  190  14:39  Baneling x2  
  190  14:40  Baneling x8  
  190  14:41  Zergling x14  
  197  14:50  Drone x2  
  199  14:57  Zergling x14  
  199  15:02  Zergling x20  
  199  15:05  Zergling x10  
  199  15:10  Zergling x4  
  195  15:14  Lurker  
  195  15:15  Lurker x4, Overseer  
  195  15:17  Spire  
  195  15:19  Extractor, Drone x2  
  200  15:26  Baneling x15  
  200  15:32  Zergling x6  
  200  15:33  Zergling x2  
  192  15:42  Zergling x10  
  192  15:43  Zergling x14  
  192  15:44  Zergling x2  
  192  15:45  Baneling x10  
  192  15:46  Baneling x3  
  192  15:47  Zergling x2  
  192  15:48  Zergling x4  
  198  15:53  Hatchery  
  198  15:55  Zergling x16  
  195  16:00  Drone x5  
  197  16:27  Hydralisk x5  
  197  16:28  Zergling x14  
  197  16:33  Zergling x6  
  197  16:37  Zerg Flyer Weapons Level 1  
  197  16:42  Hydralisk x3  
  197  16:43  Zergling x4  
  187  16:47  Zergling x22  
  187  16:48  Zergling x8  
  187  16:53  Zergling x16  
  196  16:58  Hydralisk x6  
  186  17:03  Hydralisk x3  
  187  17:10  Zergling x6  
  173  17:15  Viper x3  
  173  17:17  Drone x5  
  183  17:23  Zergling x6  
  183  17:25  Zergling x2  
  188  17:30  Zergling x4  
  188  17:31  Baneling x3  
  188  17:32  Baneling  
  188  17:34  Zergling x2  
  190  17:40  Hatchery  
  190  17:42  Overlord  
  189  17:45  Overlord  
  189  17:48  Overlord  
  189  17:52  Overlord  
  189  17:54  Overlord  
  189  17:56  Baneling x2  
  189  17:57  Overseer, Baneling x6  
  189  18:00  Hatchery  
  189  18:03  Zergling x2  
  189  18:04  Zergling x4  
  189  18:09  Zergling x6  
  177  18:13  Zergling x4  
  177  18:17  Zergling x6  
  172  18:26  Zergling x2  
  172  18:27  Zergling x10  
  178  18:34  Infestor x2  
  182  18:43  Baneling  
  182  18:44  Baneling x12  
  182  18:47  Zergling x4  
  177  18:54  Baneling x2  
  176  18:55  Zergling x8  
  176  19:02  Hydralisk x2  
  179  19:09  Lurker x4  
  183  19:12  Zergling x6  
  182  19:19  Zergling x10  
  184  19:31  Infestor  
  184  19:35  Hydralisk x3  
  184  19:37  Baneling x3  
  190  19:39  Hatchery  
  190  19:40  Zergling x4  
  190  19:42  Zergling x4  
  193  19:46  Zergling x6  
  193  19:51  Zergling x2  
  193  19:52  Zergling x6  
  198  20:04  Zergling x10  
  184  20:15  Hydralisk x3  
  184  20:16  Zergling x10  
  184  20:17  Zergling x2  
  184  20:18  Zergling x12  
  190  20:21  Infestor  
  190  20:22  Zergling x2  
  186  20:28  Zergling x2  
  186  20:29  Zergling x8  
  185  20:36  Zergling x6  
  185  20:40  Zergling x8  
  190  20:47  Zergling x4  
  190  20:48  Baneling x12  
  178  20:50  Zergling x6  
  176  21:02  Zergling x8  
  176  21:03  Zergling x4, Infestor  
  173  21:09  Zergling x4  
  170  21:18  Zergling x12  
  169  21:23  Hydralisk x2  
  169  21:25  Zergling x10  
  170  21:29  Drone  
  170  21:30  Drone  
  172  21:34  Spore Crawler  
Show
View Real Time Build Order
Export as new Build Order

Clem Terran 

Build Orders: Hellion Opening, Reaper Expand 

Get SALT Encoding   

  12  0:00  SCV  
  13  0:12  SCV  
  14  0:16  Supply Depot  
  14  0:24  SCV  
  15  0:38  SCV  
  15  0:39  Barracks  
  15  0:42  Refinery  
  16  0:50  SCV  
  17  1:02  SCV  
  18  1:14  SCV  
  19  1:26  Orbital Command, Reaper  
  20  1:37  Command Center  
  20  1:46  Supply Depot  
  20  1:52  SCV  
  21  1:58  Marine  
  22  2:04  SCV  
  23  2:09  Factory  
  23  2:17  SCV  
  23  2:19  Barracks Reactor  
  24  2:29  SCV  
  25  2:36  Command Center  
  25  2:41  SCV  
  26  2:49  Orbital Command  
  26  2:53  SCV  
  26  2:57  Starport  
  27  3:03  Hellion  
  29  3:06  SCV  
  29  3:09  Hellion  
  32  3:15  SCV  
  32  3:18  SCV  
  34  3:25  Hellion  
  36  3:27  SCV  
  36  3:30  SCV  
  36  3:31  Hellion  
  36  3:34  Viking  
  42  3:39  Refinery  
  42  3:40  SCV  
  43  3:42  SCV  
  43  3:43  Barracks Tech Lab  
  44  3:48  Orbital Command  
  44  3:51  Barracks  
  44  3:55  SCV x2  
  46  3:57  Hellion  
  46  3:59  Hellion  
  50  4:03  Barracks  
  50  4:08  SCV  
  50  4:09  Marine  
  51  4:10  Supply Depot  
  51  4:16  SCV  
  53  4:17  Stimpack  
  53  4:18  SCV  
  53  4:20  SCV  
  54  4:25  Starport Reactor  
  54  4:27  Marine  
  54  4:28  SCV  
  54  4:30  SCV  
  57  4:33  SCV  
  57  4:34  Supply Depot  
  57  4:36  Factory Reactor  
  58  4:39  Engineering Bay x2  
  58  4:40  SCV  
  59  4:52  SCV  
  60  4:53  Refinery  
  60  4:54  Orbital Command, SCV, Refinery  
  60  4:56  Barracks  
  60  4:58  Barracks  
  61  5:04  SCV  
  61  5:06  Supply Depot, Marine x2, SCV  
  65  5:09  Marine  
  65  5:12  Terran Infantry Weapons Level 1, Terran Infantry Armor Level 1, Marine  
  65  5:13  Marine  
  68  5:16  SCV  
  68  5:18  SCV  
  68  5:20  SCV  
  68  5:21  Supply Depot  
  71  5:22  Medivac  
  71  5:26  Marine  
  74  5:28  SCV  
  74  5:29  Medivac  
  74  5:30  Supply Depot, Marine  
  74  5:31  SCV  
  74  5:33  SCV  
  80  5:38  Marine  
  80  5:40  SCV  
  80  5:41  Marine  
  83  5:43  Factory Reactor, SCV  
  83  5:45  SCV, Supply Depot  
  83  5:46  Barracks Reactor  
  83  5:48  Barracks Reactor  
  85  5:50  Marine  
  85  5:53  SCV  
  85  5:54  Factory Tech Lab, Marine  
  85  5:56  SCV  
  89  5:57  SCV  
  89  5:58  Marine  
  91  6:05  Supply Depot, SCV  
  91  6:06  Marine  
  91  6:08  SCV  
  91  6:09  SCV  
  91  6:10  Factory, Supply Depot, Refinery  
  95  6:11  Marine  
  95  6:14  Marine, Supply Depot  
  95  6:16  Siege Tank  
  95  6:17  SCV  
  101  6:20  Armory  
  101  6:21  SCV  
  101  6:24  Medivac  
  104  6:27  Marine x3  
  104  6:28  Marine  
  108  6:32  Medivac  
  108  6:33  Marine  
  108  6:35  Marine x2  
  108  6:36  Marine  
  108  6:37  Supply Depot  
  108  6:39  Marine  
  115  6:40  SCV  
  115  6:44  Marine  
  115  6:51  Marine x2  
  115  6:52  Siege Tank  
  120  6:54  Medivac  
  120  6:55  Command Center  
  120  6:56  SCV x2  
  120  6:57  Factory Reactor  
  120  7:00  Marine  
  120  7:01  Marine  
  126  7:03  Supply Depot  
  126  7:04  Marine  
  126  7:06  Combat Shield  
  127  7:09  SCV x2  
  127  7:11  Supply Depot, Refinery  
  129  7:16  Marine  
  129  7:18  SCV  
  129  7:19  Marine  
  129  7:21  Marine  
  126  7:23  SCV, Marine  
  126  7:27  Marine  
  126  7:29  Marine, Widow Mine  
  131  7:30  SCV  
  131  7:34  SCV  
  131  7:36  Widow Mine x2  
  136  7:40  Marine x3  
  136  7:41  Supply Depot, Marine x4  
  136  7:42  SCV  
  136  7:43  SCV  
  145  7:46  SCV  
  145  7:50  Terran Infantry Weapons Level 2, Widow Mine  
  148  7:52  Supply Depot  
  148  7:54  SCV  
  148  7:56  Terran Infantry Armor Level 2  
  148  7:57  Supply Depot  
  149  7:58  Supply Depot  
  149  8:02  Widow Mine x2, Marine  
  153  8:06  Medivac  
  153  8:09  SCV  
  153  8:12  SCV, Widow Mine  
  159  8:14  Marine x5  
  159  8:16  Marine  
  159  8:17  SCV, Marine  
  167  8:22  Marine, Supply Depot  
  167  8:23  SCV  
  167  8:24  Widow Mine x2  
  167  8:25  Marine  
  167  8:27  Terran Vehicle And Ship Armor Level 1  
  174  8:32  Marine  
  174  8:33  Widow Mine  
  174  8:36  Barracks x2  
  174  8:37  Barracks  
  174  8:39  Medivac  
  174  8:40  Marine x4  
  177  8:45  Widow Mine x2  
  181  8:51  Planetary Fortress  
  181  8:53  SCV x2  
  181  8:54  SCV, Drilling Claws  
  181  8:55  Widow Mine  
  186  9:02  Marine  
  186  9:04  Marine x3  
  186  9:06  Medivac  
  186  9:07  Widow Mine x2  
  186  9:09  Marine x2  
  198  9:14  Marauder  
  198  9:15  Refinery x2  
  198  9:17  Command Center  
  200  9:26  Barracks Tech Lab x3  
  200  9:27  Ghost Academy  
  200  9:43  Command Center  
  200  9:49  Sensor Tower x2  
  200  10:05  Medivac  
  200  10:06  Widow Mine  
  200  10:09  Marine  
  200  10:10  Ghost  
  198  10:21  Medivac  
  198  10:22  Widow Mine, Marine  
  198  10:26  Widow Mine  
  198  10:27  Marine x2, Marauder  
  198  10:28  Marine  
  195  10:32  Marauder, Widow Mine  
  195  10:35  Medivac  
  193  10:37  Command Center  
  193  10:39  Command Center  
  193  10:40  Marauder  
  194  10:44  Widow Mine  
  194  10:45  Planetary Fortress  
  194  10:49  Widow Mine  
  196  10:50  Marauder x2  
  196  10:51  Medivac  
  196  10:53  Unknown, Sensor Tower, Marine  
  196  10:54  Missile Turret  
  180  11:05  Marauder, Medivac  
  180  11:07  Marauder, Marine x2  
  180  11:08  Marine x5  
  180  11:09  Widow Mine  
  173  11:11  Marauder x2, Marine  
  173  11:18  Widow Mine  
  173  11:21  Medivac  
  173  11:25  Marine x6  
  160  11:28  Ghost  
  160  11:31  Factory Reactor, Marine  
  162  11:34  Medivac  
  162  11:36  Marauder x2, Marine x2  
  172  11:40  Widow Mine  
  172  11:41  SCV  
  172  11:43  Marine x3  
  172  11:45  Sensor Tower  
  177  11:49  Terran Infantry Weapons Level 3  
  177  11:51  Viking, Marine  
  177  11:53  Marine  
  180  11:55  Marauder  
  180  11:58  Orbital Command  
  184  12:01  Orbital Command, Widow Mine  
  184  12:04  Viking  
  184  12:06  Marine  
  185  12:11  Concussive Shells  
  185  12:12  Widow Mine  
  185  12:14  Widow Mine  
  185  12:15  Ghost x2  
  193  12:21  Liberator  
  193  12:22  Marine  
  196  12:23  Widow Mine  
  196  12:28  SCV  
  196  12:29  Orbital Command  
  193  12:30  SCV  
  193  12:33  Widow Mine  
  193  12:34  Liberator  
  199  12:39  Marine  
  199  12:44  Widow Mine x2  
  199  12:47  Marauder  
  199  12:51  Marine  
  190  12:52  Marine  
  190  12:55  Widow Mine  
  190  12:56  Ghost x2, Marine x3  
  190  12:57  Marine x2  
  190  12:58  Orbital Command, Marine x2  
  185  13:04  Liberator  
  193  13:05  Widow Mine x2  
  193  13:06  SCV  
  193  13:08  Marine  
  193  13:10  Marine  
  193  13:11  Sensor Tower  
  183  13:16  Widow Mine, Marine  
  183  13:17  Liberator  
  183  13:18  Marine  
  186  13:23  Marine x3  
  186  13:24  Marine x3  
  186  13:25  Marine  
  186  13:26  Marine x2  
  195  13:27  SCV, Widow Mine x2  
  195  13:29  SCV x2  
  195  13:33  Marine  
  194  13:37  Widow Mine, Marine x2  
  194  13:39  SCV  
  194  13:41  Marine  
  194  13:42  SCV x2  
  194  13:45  SCV  
  194  13:47  Medivac  
  199  13:48  Widow Mine  
  199  13:49  Marine  
  199  13:52  Terran Infantry Armor Level 3  
  197  13:56  Marine  
  197  13:57  Marine x2  
  195  14:03  Command Center  
  195  14:06  Widow Mine  
  195  14:09  Liberator  
  197  14:11  Widow Mine  
  197  14:12  Ghost, Marine  
  197  14:14  Cyclone  
  197  14:15  Marine  
  197  14:16  Marine  
  197  14:17  Liberator, Marine  
  174  14:20  Marine  
  174  14:25  Marine  
  174  14:26  Command Center  
  174  14:27  Widow Mine  
  174  14:31  SCV  
  174  14:33  Widow Mine  
  176  14:46  Widow Mine  
  176  14:48  Widow Mine  
  176  14:49  Marine  
  176  14:50  Marine x7, Marauder x2  
  176  14:52  Liberator  
  195  14:54  Widow Mine  
  195  15:00  Medivac  
  195  15:02  Marine x2  
  195  15:06  SCV  
  189  15:08  SCV, Widow Mine  
  189  15:10  Widow Mine, Marine  
  189  15:11  SCV  
  196  15:14  SCV  
  196  15:15  SCV  
  196  15:17  SCV  
  199  15:26  Ghost Academy  
  199  15:36  Marine  
  199  15:39  Widow Mine, Marine  
  190  15:43  Liberator  
  190  15:45  Ghost  
  190  15:46  Ghost x3  
  190  15:47  Marine  
  198  15:50  Widow Mine  
  198  15:52  Marine  
  198  15:53  Marine x2, Widow Mine  
  198  15:54  Marine  
  198  15:55  Marine  
  195  16:00  SCV  
  193  16:10  Widow Mine  
  194  16:14  Ghost  
  194  16:16  Ghost, Marauder  
  196  16:27  Marauder  
  196  16:32  Marine  
  181  16:36  Ghost  
  169  16:42  Ghost  
  169  16:45  Ghost, Medivac  
  153  16:48  Ghost  
  153  16:49  Marine x2  
  153  16:53  Marine  
  150  16:56  Widow Mine  
  150  17:00  Marine  
  134  17:05  Ghost  
  128  17:11  Ghost, Marine  
  128  17:12  Marine  
  128  17:13  Orbital Command, Ghost  
  128  17:14  SCV  
  132  17:16  Ghost  
  132  17:17  Widow Mine  
  132  17:19  Marine, SCV x2  
  132  17:20  Marine  
  132  17:21  Medivac x2  
  132  17:22  Marine  
  138  17:23  Marine x2  
  141  17:30  Orbital Command  
  141  17:31  Orbital Command  
  141  17:33  Ghost  
  142  17:39  Widow Mine, Marine  
  145  17:45  Ghost  
  145  17:50  Marine  
  147  17:52  Medivac  
  149  18:00  Widow Mine  
  149  18:03  Medivac  
  153  18:06  Marine  
  153  18:12  Marine  
  143  18:15  Marine x2  
  143  18:16  Marine  
  147  18:20  Orbital Command  
  147  18:22  Medivac, Widow Mine  
  151  18:31  Orbital Command  
  151  18:33  Medivac  
  142  18:39  Marine  
  143  18:42  Marine  
  143  18:43  Widow Mine  
  143  18:47  Marine  
  143  18:48  Orbital Command, Marine  
  146  18:52  Medivac  
  146  18:53  Marine x2  
  148  18:58  Marine  
  145  19:03  Liberator  
  145  19:04  Widow Mine  
  145  19:09  Marine  
  150  19:13  Marine  
  150  19:20  SCV  
  150  19:22  Medivac  
  150  19:23  SCV  
  149  19:25  SCV  
  149  19:26  Widow Mine  
  149  19:27  Unknown  
  149  19:28  SCV  
  149  19:30  SCV  
  154  19:37  Marine  
  155  19:40  Marine x2  
  155  19:41  Marine  
  155  19:43  Factory  
  158  19:46  Liberator  
  158  19:47  Marauder x2, Marine x3  
  158  19:48  Marauder, Marine  
  158  19:50  Siege Tank  
  158  19:52  Liberator  
  175  20:02  Marine  
  176  20:14  Marine  
  157  20:15  Marine x3  
  157  20:17  Marine x2  
  119  20:22  Widow Mine  
  119  20:27  Widow Mine, Marine  
  121  20:29  Medivac  
  123  20:40  Marine  
  122  20:44  Widow Mine  
  122  20:48  Widow Mine  
  107  21:00  Marine  
  87  21:05  Widow Mine  
  87  21:10  Marine, Widow Mine  
  89  21:22  Marine  
  82  21:41  Marine  
Tags
 
Add a new tag
Caveats
  • Supply blocks, unpowered buildings, or Contaminate may cause inaccurate times.
  • Supply counts are checked every 10 seconds.